| TOP OF THE 1ST |
|
Winnipeg Goldeyes batting - Pitching for Brockton Rox : RHP Seb Lightfoot
|
|
Pitching: RHP Seb Lightfoot
|
|
|
Batting: RHB Sergio Gomez
|
0-0: Called Strike 0-1: Ground out 5-3 (Groundball, 56, EV 98.1 MPH)
|
|
Batting: SHB Rodrigo Mendoza
|
0-0: Ball 1-0: Foul Ball, location: 2F 1-1: Ball 2-1: Called Strike 2-2: SINGLE (Line Drive, 6D, EV 98.8 MPH)
|
|
Batting: RHB Tim Carter
|
0-0: Called Strike 0-1: Foul Ball, location: 2F 0-2: Strikes out swinging
|
|
Batting: RHB Josh Harmon
|
0-0: Ball 1-0: Foul Ball, location: 2F 1-1: Ball 2-1: 2-RUN HOME RUN (Line Drive, 9D, EV 101.2 MPH), Distance : 387 ft
|
|
Batting: LHB David Ramos
|
0-0: Called Strike 0-1: Ball 1-1: Ball 2-1: Ball 3-1: Called Strike 3-2: Base on Balls
|
|
Batting: LHB Jon Ventura
|
0-0: Ball David Ramos steals 2nd base 1-0: Foul Ball, location: 2F 1-1: Ball 2-1: Ball 3-1: Called Strike 3-2: Base on Balls
|
|
Batting: RHB Terry Oetker
|
0-0: Ball 1-0: Ball 2-0: SINGLE (Groundball, 56D, EV 105.0 MPH) David Ramos to third Jon Ventura to second Runner from 3rd tries for Home, SAFE, throw by LF to home
|
|
Batting: RHB Nestor Moreno
|
0-0: Called Strike 0-1: Ball 1-1: Foul Ball, location: 2F 1-2: Ball 2-2: Foul Ball, location: 2F 2-2: Ball 3-2: Foul Ball, location: 2F 3-2: Foul Ball, location: 2F 3-2: Base on Balls Jon Ventura to third Terry Oetker to second
|
|
Batting: RHB Hisao Takei
|
0-0: Ball 1-0: Foul Ball, location: 2F 1-1: Ball 2-1: Foul Ball, location: 2F 2-2: Strikes out swinging
|
| Top of the 1st over - 3 runs, 3 hits, 0 errors, 3 left on base; Winnipeg 3 - Brockton 0 |
| BOTTOM OF THE 1ST |
|
Brockton Rox batting - Pitching for Winnipeg Goldeyes : RHP Jason Waite
|
|
Pitching: RHP Jason Waite
|
|
|
Batting: LHB Robert Gonzalez
|
0-0: Ball 1-0: Ball 2-0: Ball 3-0: Called Strike 3-1: Base on Balls
|
|
Batting: RHB Willie Camacho
|
0-0: Ball 1-0: Ball 2-0: Ball 3-0: Base on Balls Robert Gonzalez to second
|
|
Batting: RHB Bakhtiar Asadov
|
0-0: Ball 1-0: Swinging Strike 1-1: Ball 2-1: Ball 3-1: Called Strike 3-2: Fly out, F8 (Flyball, 89M, EV 89.4 MPH)
|
|
Batting: RHB Roger Mitchell
|
0-0: Called Strike 0-1: Foul Ball, location: 2F 0-2: Ball 1-2: Foul Ball, location: 2F 1-2: Foul Ball, location: 2F 1-2: Ball 2-2: Fly out, F3 (Popup, 3F, EV 60.0 MPH)
|
|
Batting: RHB Panam Palmer
|
0-0: Called Strike 0-1: Ball 1-1: Foul Ball, location: 2F 1-2: Ball 2-2: Foul Ball, location: 2F 2-2: Foul Ball, location: 2F 2-2: Strikes out looking
|
| Bottom of the 1st over - 0 runs, 0 hits, 0 errors, 2 left on base; Winnipeg 3 - Brockton 0 |
| TOP OF THE 2ND |
|
Winnipeg Goldeyes batting - Pitching for Brockton Rox : RHP Seb Lightfoot
|
|
Batting: RHB Sergio Gomez
|
0-0: Called Strike 0-1: Ball 1-1: Ball 2-1: Ball 3-1: Swinging Strike 3-2: Foul Ball, location: 2F 3-2: Foul Ball, location: 2F 3-2: SINGLE (Groundball, 6S, EV 70.0 MPH) (infield hit)
|
|
Batting: SHB Rodrigo Mendoza
|
0-0: Foul Ball, location: 2F 0-1: Foul Ball, location: 2F 0-2: Ball 1-2: Ball 2-2: Foul Ball, location: 2F 2-2: Fly out, F8 (Flyball, 8RD, EV 105.0 MPH)
|
|
Batting: RHB Tim Carter
|
0-0: Ball 1-0: Ball 2-0: Called Strike 2-1: Ball 3-1: Called Strike 3-2: Base on Balls Sergio Gomez to second
|
|
Batting: RHB Josh Harmon
|
0-0: Called Strike 0-1: Foul Ball, location: 2F 0-2: Foul Ball, location: 2F 0-2: Foul Ball, location: 2F 0-2: Ball 1-2: Foul Ball, location: 2F 1-2: Ball 2-2: Ball 3-2: Foul Ball, location: 2F 3-2: Foul Ball, location: 2F 3-2: Base on Balls Sergio Gomez to third Tim Carter to second
|
|
Batting: LHB David Ramos
|
0-0: Ball 1-0: Foul Ball, location: 2F 1-1: Called Strike 1-2: Hit by Pitch Sergio Gomez scores Tim Carter to third Josh Harmon to second
|
|
Batting: LHB Jon Ventura
|
0-0: DOUBLE (Line Drive, 9LS, EV 95.6 MPH) Tim Carter scores Josh Harmon scores David Ramos to third Runner from 3rd tries for Home, throw by RF and OUT! 9-4-2 Jon Ventura to third
|
|
Pitching: RHP Armando Berrios
|
|
|
Batting: RHB Terry Oetker
|
0-0: 2-RUN HOME RUN (Flyball, 7D, EV 106.9 MPH), Distance : 388 ft
|
|
Batting: RHB Nestor Moreno
|
0-0: Ball 1-0: Foul Ball, location: 2F 1-1: Hit by Pitch, AND HE CHARGES THE MOUND! The benches clear!
|
|
Pitching: RHP Tony Ramos
|
|
|
Pinch Runner at 1st Dave Bertheau:
|
|
|
Batting: RHB Hisao Takei
|
0-0: Ball 1-0: Ball 2-0: Swinging Strike 2-1: Ball 3-1: Foul Ball, location: 2F 3-2: Strikes out swinging
|
| Top of the 2nd over - 5 runs, 3 hits, 0 errors, 1 left on base; Winnipeg 8 - Brockton 0 |
| BOTTOM OF THE 2ND |
|
Brockton Rox batting - Pitching for Winnipeg Goldeyes : RHP Jason Waite
|
|
Now in LF: Dave Bertheau
|
|
|
Now in CF: Jon Ventura
|
|
|
Batting: RHB Mo Tsang
|
0-0: Ground out U3 (Groundball, 34, EV 90.6 MPH)
|
|
Batting: RHB Felix Rangel
|
0-0: Foul Ball, location: 2F 0-1: Ground out U3 (Groundball, 23, EV 81.9 MPH)
|
|
Batting: LHB Kien-lung Zou
|
0-0: Swinging Strike 0-1: Called Strike 0-2: Strikes out looking
|
| Bottom of the 2nd over - 0 runs, 0 hits, 0 errors, 0 left on base; Winnipeg 8 - Brockton 0 |
| TOP OF THE 3RD |
|
Winnipeg Goldeyes batting - Pitching for Brockton Rox : RHP Tony Ramos
|
|
Batting: RHB Sergio Gomez
|
0-0: Ground out 5-3 (Groundball, 5, EV 80.0 MPH)
|
|
Batting: SHB Rodrigo Mendoza
|
0-0: Called Strike 0-1: Swinging Strike 0-2: Strikes out swinging
|
|
Batting: RHB Tim Carter
|
0-0: Ball 1-0: Ball 2-0: Ground out 2-3 (Groundball, 2R, EV 70.6 MPH)
|
| Top of the 3rd over - 0 runs, 0 hits, 0 errors, 0 left on base; Winnipeg 8 - Brockton 0 |
| BOTTOM OF THE 3RD |
|
Brockton Rox batting - Pitching for Winnipeg Goldeyes : RHP Jason Waite
|
|
Batting: LHB Isaiah Spitzbarth
|
0-0: Ground out 4-3 (Groundball, 34, EV 99.4 MPH)
|
|
Batting: LHB Robert Gonzalez
|
0-0: Foul Ball, location: 2F 0-1: Ball 1-1: Ball 2-1: Foul Ball, location: 2F 2-2: Ground out 4-3 (Groundball, 4M, EV 108.8 MPH)
|
|
Batting: RHB Willie Camacho
|
0-0: Fly out, F7 (Flyball, 7S, EV 80.0 MPH)
|
| Bottom of the 3rd over - 0 runs, 0 hits, 0 errors, 0 left on base; Winnipeg 8 - Brockton 0 |
| TOP OF THE 4TH |
|
Winnipeg Goldeyes batting - Pitching for Brockton Rox : RHP Tony Ramos
|
|
Batting: RHB Josh Harmon
|
0-0: Called Strike 0-1: Foul Ball, location: 2F 0-2: Ball 1-2: Ball 2-2: Foul Ball, location: 2F 2-2: Strikes out swinging
|
|
Batting: LHB David Ramos
|
0-0: Swinging Strike 0-1: Swinging Strike 0-2: Fly out, F8 (Flyball, 8RM, EV 90.0 MPH)
|
|
Batting: LHB Jon Ventura
|
0-0: Fly out, F9 (Line Drive, 9, EV 102.5 MPH)
|
| Top of the 4th over - 0 runs, 0 hits, 0 errors, 0 left on base; Winnipeg 8 - Brockton 0 |
| BOTTOM OF THE 4TH |
|
Brockton Rox batting - Pitching for Winnipeg Goldeyes : RHP Jason Waite
|
|
Batting: RHB Bakhtiar Asadov
|
0-0: DOUBLE (Line Drive, 89XD, EV 96.2 MPH)
|
|
Batting: RHB Roger Mitchell
|
0-0: Foul Ball, location: 2F 0-1: Ball 1-1: SINGLE (Flyball, 5D, EV 90.6 MPH) Bakhtiar Asadov to third
|
|
Batting: RHB Panam Palmer
|
0-0: Swinging Strike 0-1: Foul Ball, location: 2F 0-2: Ball 1-2: Ball 2-2: Strikes out swinging
|
|
Batting: RHB Mo Tsang
|
0-0: Ball Roger Mitchell is caught stealing 2nd base 2-4 1-0: Ball Wild Pitch! Bakhtiar Asadov scores 2-0: Called Strike 2-1: Ball 3-1: Base on Balls
|
|
Batting: RHB Felix Rangel
|
0-0: Hit by Pitch Mo Tsang to second
|
|
Batting: LHB Kien-lung Zou
|
0-0: Swinging Strike 0-1: Fielders Choice at 2nd, U4 (Groundball, 4M, EV 103.8 MPH)
|
| Bottom of the 4th over - 1 run, 2 hits, 0 errors, 2 left on base; Winnipeg 8 - Brockton 1 |
| TOP OF THE 5TH |
|
Winnipeg Goldeyes batting - Pitching for Brockton Rox : RHP Tony Ramos
|
|
Batting: RHB Terry Oetker
|
0-0: Foul Ball, location: 2F 0-1: Called Strike 0-2: Ball 1-2: Ball 2-2: Strikes out swinging
|
|
Batting: LHB Dave Bertheau
|
0-0: Ball 1-0: Foul Ball, location: 2F 1-1: Called Strike 1-2: Strikes out swinging
|
|
Batting: RHB Hisao Takei
|
0-0: Ball 1-0: Swinging Strike 1-1: Swinging Strike 1-2: Foul Ball, location: 2F 1-2: Ball 2-2: Strikes out swinging
|
| Top of the 5th over - 0 runs, 0 hits, 0 errors, 0 left on base; Winnipeg 8 - Brockton 1 |
| BOTTOM OF THE 5TH |
|
Brockton Rox batting - Pitching for Winnipeg Goldeyes : RHP Jason Waite
|
|
Batting: LHB Isaiah Spitzbarth
|
0-0: Called Strike 0-1: Swinging Strike 0-2: Fly out, F8 (Flyball, 89D, EV 87.5 MPH)
|
|
Batting: LHB Robert Gonzalez
|
0-0: Swinging Strike 0-1: SINGLE (Line Drive, 8LS, EV 97.5 MPH)
|
|
Batting: RHB Willie Camacho
|
0-0: Ball 1-0: Called Strike 1-1: Ball 2-1: Called Strike 2-2: Fly out, F4 (Popup, 13, EV 79.4 MPH)
|
|
Batting: RHB Bakhtiar Asadov
|
0-0: Fly out, F8 (Line Drive, 8RD, EV 97.5 MPH)
|
| Bottom of the 5th over - 0 runs, 1 hit, 0 errors, 1 left on base; Winnipeg 8 - Brockton 1 |
| TOP OF THE 6TH |
|
Winnipeg Goldeyes batting - Pitching for Brockton Rox : RHP Tony Ramos
|
|
Batting: RHB Sergio Gomez
|
0-0: Fly out, F8 (Flyball, 8RM, EV 91.2 MPH)
|
|
Batting: SHB Rodrigo Mendoza
|
0-0: Foul Ball, location: 2F 0-1: Called Strike 0-2: Foul Ball, location: 2F 0-2: SINGLE (Groundball, 4MD, EV 95.0 MPH)
|
|
Pitching: RHP Nherbert Silivan
|
|
|
Batting: RHB Tim Carter
|
0-0: Called Strike 0-1: Ball 1-1: Foul Ball, location: 2F 1-2: SINGLE (Groundball, 4S, EV 71.9 MPH) (infield hit) Rodrigo Mendoza to second
|
|
Batting: RHB Josh Harmon
|
0-0: Ball 1-0: Foul Ball, location: 2F 1-1: Ball 2-1: Swinging Strike 2-2: Foul Ball, location: 2F 2-2: Strikes out swinging
|
|
Batting: LHB David Ramos
|
0-0: SINGLE (Line Drive, 8LS, EV 93.1 MPH) Rodrigo Mendoza to third Tim Carter to second
|
|
Batting: LHB Jon Ventura
|
0-0: Foul Ball, location: 2F 0-1: Ball 1-1: Foul Ball, location: 2F 1-2: Strikes out swinging
|
| Top of the 6th over - 0 runs, 3 hits, 0 errors, 3 left on base; Winnipeg 8 - Brockton 1 |
| BOTTOM OF THE 6TH |
|
Brockton Rox batting - Pitching for Winnipeg Goldeyes : RHP Jason Waite
|
|
Batting: RHB Roger Mitchell
|
0-0: Swinging Strike 0-1: Ball 1-1: Ground out U3 (Groundball, 13, EV 79.4 MPH)
|
|
Batting: RHB Panam Palmer
|
0-0: Ball 1-0: Foul Ball, location: 2F 1-1: Swinging Strike 1-2: Fly out, F7 (Flyball, 78S, EV 94.4 MPH)
|
|
Batting: RHB Mo Tsang
|
0-0: Ball 1-0: Ball 2-0: Ball 3-0: Called Strike 3-1: Called Strike 3-2: Strikes out swinging
|
| Bottom of the 6th over - 0 runs, 0 hits, 0 errors, 0 left on base; Winnipeg 8 - Brockton 1 |
| TOP OF THE 7TH |
|
Winnipeg Goldeyes batting - Pitching for Brockton Rox : RHP Nherbert Silivan
|
|
Batting: RHB Terry Oetker
|
0-0: Called Strike 0-1: Fly out, F8 (Flyball, 8LM, EV 86.2 MPH)
|
|
Batting: LHB Dave Bertheau
|
0-0: Hit by Pitch
|
|
Batting: RHB Hisao Takei
|
0-0: Ball 1-0: Swinging Strike 1-1: Ball 2-1: Called Strike 2-2: Fly out, F8 (Line Drive, 8RM, EV 100.6 MPH)
|
|
Pinch Hitting: SHB Ed Mosqueda
|
0-0: Ball 1-0: Foul Ball, location: 2F 1-1: Called Strike 1-2: Ball 2-2: 2-RUN HOME RUN (Flyball, 89XD, EV 106.2 MPH), Distance : 421 ft
|
|
Batting: SHB Rodrigo Mendoza
|
0-0: Ball 1-0: Called Strike 1-1: Foul Ball, location: 2F 1-2: Ball 2-2: Foul Ball, location: 2F 2-2: Foul Ball, location: 2F 2-2: Ball 3-2: Foul Ball, location: 2F 3-2: Foul Ball, location: 2F 3-2: Fly out, F6 (Line Drive, 6MD, EV 56.9 MPH)
|
| Top of the 7th over - 2 runs, 1 hit, 0 errors, 0 left on base; Winnipeg 10 - Brockton 1 |
| BOTTOM OF THE 7TH |
|
Brockton Rox batting - Pitching for Winnipeg Goldeyes : RHP Jason Waite
|
|
Now at SS: Ed Mosqueda
|
|
|
Batting: RHB Felix Rangel
|
0-0: Ball 1-0: Fly out, F9 (Flyball, 9D, EV 95.6 MPH)
|
|
Batting: LHB Kien-lung Zou
|
0-0: Ball 1-0: SINGLE (Line Drive, 8LS, EV 87.5 MPH)
|
|
Batting: LHB Isaiah Spitzbarth
|
0-0: Called Strike 0-1: Ball 1-1: Swinging Strike 1-2: Ball 2-2: Strikes out looking
|
|
Batting: LHB Robert Gonzalez
|
0-0: Ball 1-0: Swinging Strike 1-1: Swinging Strike 1-2: Strikes out swinging
|
| Bottom of the 7th over - 0 runs, 1 hit, 0 errors, 1 left on base; Winnipeg 10 - Brockton 1 |
| TOP OF THE 8TH |
|
Winnipeg Goldeyes batting - Pitching for Brockton Rox : RHP Nherbert Silivan
|
|
Pinch Hitting: RHB Ryan Starks
|
0-0: Foul Ball, location: 2F 0-1: Called Strike 0-2: Ball 1-2: Ball 2-2: Strikes out swinging
|
|
Batting: RHB Josh Harmon
|
0-0: Called Strike 0-1: Ball 1-1: Foul Ball, location: 2F 1-2: Foul Ball, location: 2F 1-2: Ball 2-2: Ball 3-2: Foul Ball, location: 2F 3-2: SINGLE (Groundball, 4S, EV 69.4 MPH) (infield hit)
|
|
Pitching: RHP Marco Benavente
|
|
|
Batting: LHB David Ramos
|
0-0: Foul Ball, location: 2F 0-1: Fly out, F9 (Line Drive, 9, EV 91.9 MPH)
|
|
Batting: LHB Jon Ventura
|
0-0: Ball 1-0: Foul Ball, location: 2F 1-1: Foul Ball, location: 2F 1-2: Ball 2-2: Strikes out swinging
|
| Top of the 8th over - 0 runs, 1 hit, 0 errors, 1 left on base; Winnipeg 10 - Brockton 1 |
| BOTTOM OF THE 8TH |
|
Brockton Rox batting - Pitching for Winnipeg Goldeyes : RHP Jason Waite
|
|
Now at 2B: Ryan Starks
|
|
|
Batting: RHB Willie Camacho
|
0-0: Ball 1-0: Ball 2-0: Called Strike 2-1: Foul Ball, location: 2F 2-2: Ball 3-2: Foul Ball, location: 2F 3-2: Foul Ball, location: 2F 3-2: Ground out 6-3 (Groundball, 6, EV 92.5 MPH)
|
|
Batting: RHB Bakhtiar Asadov
|
0-0: Fly out, F8 (Flyball, 8LXD, EV 91.2 MPH)
|
|
Batting: RHB Roger Mitchell
|
0-0: Foul Ball, location: 2F 0-1: Foul Ball, location: 2F 0-2: Ground out 5-3 (Groundball, 56, EV 96.9 MPH)
|
| Bottom of the 8th over - 0 runs, 0 hits, 0 errors, 0 left on base; Winnipeg 10 - Brockton 1 |
| TOP OF THE 9TH |
|
Winnipeg Goldeyes batting - Pitching for Brockton Rox : RHP Marco Benavente
|
|
Batting: RHB Terry Oetker
|
0-0: Called Strike 0-1: Swinging Strike 0-2: Strikes out swinging
|
|
Batting: LHB Dave Bertheau
|
0-0: Ball 1-0: Ball 2-0: Ball 3-0: Called Strike 3-1: Base on Balls
|
|
Pinch Hitting: LHB Shaun Price
|
0-0: Called Strike 0-1: Ball 1-1: Foul Ball, location: 2F 1-2: Strikes out swinging
|
|
Batting: SHB Ed Mosqueda
|
0-0: Ball 1-0: Fielders Choice at 2nd, 5-4 (Groundball, 56, EV 110.6 MPH)
|
| Top of the 9th over - 0 runs, 0 hits, 0 errors, 1 left on base; Winnipeg 10 - Brockton 1 |
| BOTTOM OF THE 9TH |
|
Brockton Rox batting - Pitching for Winnipeg Goldeyes : RHP Jason Waite
|
|
Now at C: Ratko Macura
|
|
|
Pinch Hitting: SHB Robert Soto
|
0-0: Ball 1-0: Ball 2-0: Ball 3-0: Called Strike 3-1: Called Strike 3-2: Foul Ball, location: 2F 3-2: SINGLE (Groundball, 6S, EV 68.1 MPH) (infield hit)
|
|
Pitching: RHP Larry Muttart
|
|
|
Pinch Hitting: SHB Danny Marquez
|
0-0: Ball 1-0: Ball 2-0: Ball 3-0: Called Strike 3-1: Called Strike 3-2: Grounds into double play, 3-6-1 (Groundball, 34, EV 103.1 MPH)
|
|
Batting: RHB Felix Rangel
|
0-0: Fly out, F7 (Flyball, 78S, EV 78.8 MPH)
|
| Bottom of the 9th over - 0 runs, 1 hit, 0 errors, 0 left on base; Winnipeg 10 - Brockton 1 |
|